 Dungeon Crawl Stone Soup version 0.31.0-11-ge490571c62 (webtiles) character file.

Game seed: 13377426769372380498

51 DildoBatman the Conjurer (level 4, -9/32 HPs)
             Began as a Formicid Conjurer on Feb 10, 2024.
             Killed by nerve-wracking pain
             ... invoked by Jessica
              (12 damage)
             ... on level 2 of the Dungeon.
             The game lasted 00:06:50 (1543 turns).

DildoBatman the Conjurer (Formicid Conjurer)        Turns: 1543, Time: 00:06:50

Health: -9/32      AC:  2    Str: 12    XL:     4   Next: 5%
Magic:  7/7        EV: 12    Int: 19    God:
Gold:   19         SH:  0    Dex: 12    Spells: 5/8 levels left

rFire   . . .        a - +0 falchion
rCold   . . .        (no shield)
rNeg    . . .        g - +0 robe
rPois   .            (helmet unavailable)
rElec   .            (cloak currently unavailable)
rCorr   .            (gloves currently unavailable)
SInv    +            (boots currently unavailable)
Will    .....        (no amulet)
Stlth   ++           (no ring)
HPRegen 0.25/turn    (no ring)
MPRegen 0.10/turn

%: no passive effects
@: beast-form
A: beast (slay +0), permanent stasis, dig shafts and tunnels, antennae 3, four
strong arms
a: Dig, Shaft Self, Begin Untransformation


You were on level 2 of the Dungeon.
You were a hulking beast.
You visited 1 branch of the dungeon, and saw 2 of its levels.

You collected 19 gold pieces.

Inventory:

Hand Weapons
 a - a +0 falchion (weapon)
Missiles
 e - 19 stones
Armour
 g - a +0 robe (worn)
Talismans
 d - a beast talisman (active)
Scrolls
 c - 2 scrolls of teleportation {unknown}
 h - a scroll of poison {unknown}
 i - a scroll of torment {unknown}
 l - a scroll of brand weapon {unknown}
Potions
 b - a potion of magic
 f - a potion of heal wounds {unknown}
 j - 2 potions of resistance {unknown}
 k - a potion of berserk rage {unknown}


   Skills:
 + Level 1.3 Fighting
 + Level 1.1 Armour
 + Level 2.2 Dodging
 - Level 3.0 Stealth
 + Level 2.5 Spellcasting
 + Level 3.8 Conjurations


You had 5 spell levels left.
You knew the following spells:

 Your Spells              Type           Power      Damage    Failure   Level
a - Searing Ray           Conj           34%        2d5       4%          2
c - Magic Dart            Conj           68%        1d6       3%          1

Your spell library contained the following spells:

 Spells                   Type           Power      Damage    Failure   Level
 Fulminant Prism          Conj/Alch      4%         3d5       58%         4
 Iskenderun's Mystic Bla  Conj/Tloc      9%         2d4       58%         4


Dungeon Overview and Level Annotations

Branches:
Dungeon (2/15)

Altars:

Annotations:
D:2 Jessica


Innate Abilities, Weirdness & Mutations

You are a hulking beast.
Your limbs bulge with bestial killing power. (Slay +0)
You cannot be hasted, slowed, berserked, paralysed or teleported.
You can dig through walls and to a lower floor.
You have a pair of large antennae on your head. (SInv)
Your four strong arms can wield two-handed weapons with a shield.


Message History

g - Guard the area. f - Follow me.
Anything else - Cancel.
You shout for attention!
Jessica hits you with a +0 dagger. What are your orders? t - Shout!
Orders for allies: a - Attack new target. r - Retreat! s - Stop attacking. g - Guard the area. f - Follow me.
Anything else - Cancel.
You shout for attention!
Jessica completely misses you. What are your orders? t - Shout!
Orders for allies: a - Attack new target. r - Retreat! s - Stop attacking. g - Guard the area. f - Follow me.
Anything else - Cancel.
You shout for attention!
Jessica gestures at you while chanting. You resist with some effort.
What are your orders? t - Shout!
Orders for allies: a - Attack new target. r - Retreat! s - Stop attacking. g - Guard the area. f - Follow me.
Anything else - Cancel.
You shout for attention!
Jessica points at you and mumbles some strange words.
You barely resist. What are your orders? t - Shout!
Orders for allies: a - Attack new target. r - Retreat! s - Stop attacking. g - Guard the area. f - Follow me.
Anything else - Cancel.
You shout for attention!
Jessica points at you and mumbles some strange words.
Pain shoots through your body!
You die...

...............# #.....
#...###.รท##.##.###.##.#
## .....##.##.....##.#
## #
###...##.####.####.#
..#.
#######..##.####.####.#
..#.
.........##...........#
...
####......#######.######
#.###
#.........#######.######
....
#...h@...............
..##
#.........##.#####..#
<..#.#
#.........##....##.##
...#.# #
#...########.##....#
...#.###.# #...
#.####..## ...#.#....
..... #.#####...
.......# ......
#.........
##@....##.....##
########## .....)....
.......


You could see Jessica.

Vanquished Creatures
  An adder (D:2)
  2 dart slugs (D:1)
  A ribbon worm (D:2)
  An endoplasm (D:2)
  2 giant cockroaches (D:1)
  4 goblins
  4 hobgoblins
  4 kobolds (D:1)
  4 quokkas
  3 bats (D:1)
  2 frilled lizards
  6 rats
34 creatures vanquished.

Notes
Turn   | Place    | Note
-------+----------+-------------------------------------------
     0 | D:1      | DildoBatman the Formicid Conjurer began the quest for the
                  | Orb.
     0 | D:1      | Reached XP level 1. HP: 13/13 MP: 3/3
   182 | D:1      | Reached XP level 2. HP: 20/20 MP: 0/5
   185 | D:1      | Learned a level 2 spell: Searing Ray
   678 | D:1      | Reached XP level 3. HP: 25/25 MP: 0/6
   809 | D:1      | Reached skill level 1 in Fighting
  1124 | D:2      | Noticed Jessica
  1163 | D:2      | Reached skill level 1 in Armour
  1419 | D:2      | Reached XP level 4. HP: 32/32 MP: 3/7
  1543 | D:2      | Killed from afar by Jessica

Illustrated notes

Levels and vault maps discovered:
D:1:      ldierk_walled_garden_2, layout_basic, serial_forest,
          infiniplex_forest_corner_1, infiniplex_forest_diagonal,
          infiniplex_forest_lined_3, infiniplex_forest_lined_2,
          infiniplex_forest_straight_1, infiniplex_forest_diagonal,
          infiniplex_forest_straight_2
D:2:      layout_basic, serial_shops, shop, roderic_nine_men_s_morris,
          uniq_jessica

Skill      XL: |  1  2  3  4 |
---------------+-------------+-----
Dodging        | 2 |  2.2
Fighting       | 1 |  1.3
Armour         | 1 |  1.1
Stealth        | 3 |  3.0
Spellcasting   | |  2.5
Conjurations   | |  3.8

Action                     |  1- 3 |  4- 6 || total
---------------------------+-------+-------++-------
  Melee: Dagger            |    14 |       ||    14
         Mace              |     9 |       ||     9
         Short sword       |     5 |       ||     5
         Punch             |     1 |       ||     1
         Falchion          |    11 |     5 ||    16
   Cast: Magic Dart        |    59 |       ||    59
         Searing Ray       |     2 |       ||     2
Ability: Begin Untransform |     1 |       ||     1
   Stab: Sleeping          |     2 |     1 ||     3
 Armour: Robe              |    12 |    14 ||    26
  Dodge: Dodged            |    26 |    17 ||    43
   Form: Beast             |     2 |       ||     2
